 Dungeon Crawl Stone Soup version 0.32-a0-329-ge6c31236d6 (webtiles) character file.

Game seed: 9361475593831507670

1895842 Posi the Axe Maniac (level 26, 205/239 HPs)
             Began as a Mountain Dwarf Fighter on Feb 16, 2024.
             Was the Champion of Yredelemnul.
             Escaped with the Orb
             ... and 3 runes on Feb 17, 2024!
             The game lasted 03:47:54 (54489 turns).

Posi the Axe Maniac (Mountain Dwarf Fighter)       Turns: 54489, Time: 03:47:54

Health: 205/239    AC: 44    Str: 31      XL:     26   Next: 55%
Magic:  40/40      EV: 16    Int:  6 (7)  God:    Yredelemnul [******]
Gold:   6390       SH:  5    Dex:  8 (11) Spells: 25/25 levels left

rFire   + + +        e - +10 executioner's axe "Kofracli" {vamp, ^Fragile rElec rF+++}
rCold   + + +        (shield currently unavailable)
rNeg    + + .        M - +10 plate armour "Poynume" {-Cast rPois rC+ Dex+2}
rPois   +            f - +2 helmet
rElec   +            O - +2 cloak "Touch" {Rampage +Inv rPois rN++}
rCorr   +            Z - +0 pair of gloves
SInv    +            D - +2 pair of slick slippers {slick, slippery, EV+4}
Will    +++..        U - amulet of reflection Stlth
                     C - ring of the Many Stars {^Drain rElec rC+++ Int-5 SInv}
HPRegen 0.59/turn    c - ring of the Wereyak {Will+ rCorr Str+3 Slay+2}
MPRegen 0.27/turn

%: no spellcasting, reflection, rampage
@: wreathed by umbra
A: runic magic, artefact enchanting, deterioration 1, frail 1
0: Orb of Zot
}: 3/15 runes: barnacled, silver, gossamer
a: Renounce Religion, Evoke Invisibility, Light the Black Torch, Recall Undead
Harvest, Hurl Torchlight, Bind Soul, Fathomless Shackles


You escaped.
You worshipped Yredelemnul.
Yredelemnul was exalted by your worship.
You visited 12 branches of the dungeon, and saw 51 of its levels.
You also visited: Bailey.

You collected 9289 gold pieces.
You spent 2899 gold pieces at shops.

Inventory:

Hand Weapons
 e - the +10 executioner's axe "Kofracli" (weapon) {vamp, ^Fragile rElec rF+++}
   (You acquired it on level 10 of the Dungeon)

   rF+++:     It renders you almost immune to fire.
   rElec:     It insulates you from electricity.
   ^Fragile:  It will be destroyed if unequipped.
Missiles
 h - 21 javelins
 p - 4 darts of dispersal
 r - 11 silver javelins
 z - 5 throwing nets
 F - 13 curare-tipped darts (quivered)
Armour
 f - a +2 helmet (worn)
 D - the +2 pair of slick slippers (worn) {slick, slippery, EV+4}
   (You acquired it on level 1 of the Crypt)

   Slick:     Its wearer cannot be constricted, engulfed, netted or webbed.
   Slippery:  Its wearer slips away from damaging melee attacks, pulling the
   attacker onward.
   EV+4:      It affects your evasion (+4).
 M - the +10 plate armour "Poynume" (worn) {-Cast rPois rC+ Dex+2}
   (You bought it in a shop on level 2 of the Orcish Mines)

   Dex+2:     It affects your dexterity (+2).
   rC+:       It protects you from cold.
   rPois:     It protects you from poison -Cast: It prevents spellcasting.
 O - the +2 cloak "Touch" (worn) {Rampage +Inv rPois rN++}
   (You found it on level 5 of the Vaults)

   rPois:     It protects you from poison rN++: It greatly protects you from
   negative energy.
   +Inv:      It lets you turn invisible.
   Rampage:   It bestows one free step when moving towards enemies.
 Z - a +0 pair of gloves (worn)
Jewellery
 c - the ring of the Wereyak (right hand) {Will+ rCorr Str+3 Slay+2}
   (You found it on level 4 of the Depths)

   [ring of willpower]

   Str+3:     It affects your strength (+3).
   Slay+2:    It affects your accuracy & damage with ranged weapons and melee
   (+2).
   Will+:     It increases your willpower.
   rCorr:     It protects you from acid and corrosion.
 C - the ring of the Many Stars (left hand) {^Drain rElec rC+++ Int-5 SInv}
   (You bought it in a shop on level 1 of the Vaults)

   [ring of see invisible]

   Int-5:     It affects your intelligence (-5).
   rC+++:     It renders you almost immune to cold.
   rElec:     It insulates you from electricity.
   SInv:      It lets you see invisible.
   ^Drain:    It drains your maximum health when unequipped.
 H - a ring of protection from cold
 U - an amulet of reflection (around neck)
Wands
 u - a wand of digging (19)
 x - a wand of paralysis (49)
 I - a wand of quicksilver (24)
 P - a wand of flame (91)
 V - a wand of iceblast (76)
Scrolls
 g - 6 scrolls of noise
 k - 6 scrolls of blinking
 m - 3 scrolls of torment
 n - 4 scrolls of vulnerability
 o - 5 scrolls of fear
 q - 26 scrolls of teleportation
 s - 6 scrolls of fog
 t - 7 scrolls of immolation
 w - 8 scrolls of enchant armour
 y - 2 scrolls of brand weapon
 A - 3 scrolls of silence
 B - 6 scrolls of butterflies
 E - 10 scrolls of poison
 J - 8 scrolls of enchant weapon
 K - 10 scrolls of revelation
 T - 9 scrolls of amnesia
Potions
 a - 8 potions of mutation
 b - 7 potions of attraction
 d - 16 potions of might
 i - 16 potions of lignification
 j - 5 potions of haste
 l - 4 potions of heal wounds
 v - 18 potions of curing
 G - 5 potions of cancellation
 L - 7 potions of invisibility
 N - 4 potions of enlightenment
 S - 6 potions of resistance
 W - 4 potions of magic
 X - 4 potions of ambrosia
 Y - 11 potions of berserk rage
Miscellaneous
 Q - the horn of Geryon
 R - a phantom mirror


   Skills:
 O Level 27 Fighting
 O Level 27 Axes
 O Level 27 Armour
 + Level 11.1 Dodging
 - Level 7.0 Shields
 O Level 27 Invocations
 + Level 4.8 Evocations


You had 25 spell levels left.
You didn't know any spells.
Your spell library contained the following spells:

 Spells                   Type           Power      Damage    Failure   Level
 Foxfire                  Conj/Fire      0%         2x1d4     54%         1
 Freeze                   Ice            0%         1d3       54%         1
 Sandblast                Erth           0%         2d4       54%         1
 Slow                     Hex            0%         N/A       54%         1
 Blink                    Tloc           0%         N/A       67%         2
 Cigotuvi's Dreadful Rot  Necr/Alch/Air  0%         N/A       67%         2
 Lesser Beckoning         Tloc           0%         N/A       67%         2
 Mercury Vapours          Alch/Air       0%         N/A       67%         2
 Momentum Strike          Conj/Tloc      0%         3d8       67%         2
 Static Discharge         Conj/Air       0%         3-3/arc   67%         2
 Confusing Touch          Hex            0%         N/A       88%         3
 Dazzling Flash           Conj/Hex       0%         N/A       88%         3
 Frozen Ramparts          Ice            0%         1d1       88%         3
 Gell's Gravitas          Tloc           0%         N/A       88%         3
 Hailstorm                Conj/Ice       0%         3d5       88%         3
 Inner Flame              Hex/Fire       0%         N/A       88%         3
 Ozocubu's Armour         Ice            0%         N/A       88%         3
 Sigil of Binding         Hex            0%         N/A       88%         3
 Summon Ice Beast         Ice/Summ       0%         N/A       88%         3
 Teleport Other           Tloc           0%         N/A       88%         3
 Vampiric Draining        Necr           0%         2d6       88%         3
 Volatile Blastmotes      Fire/Tloc      0%         2d10      88%         3
 Airstrike                Air            0%         2d(0-16)  99%         4
 Animate Armour           Summ/Erth      0%         N/A       99%         4
 Brom's Barrelling Bould  Conj/Erth      0%         2d3       99%         4
 Flame Wave               Conj/Fire      0%         2d4       99%         4
 Ignite Poison            Fire/Alch      0%         N/A       99%         4
 Sticky Flame             Fire/Alch      0%         2d4       99%         4
 Summon Lightning Spire   Summ/Air       0%         N/A       99%         4
 Alistair's Intoxication  Alch           0%         N/A       100%        5
 Arcjolt                  Conj/Air       0%         1d10      100%        5
 Borgnjor's Vile Clutch   Necr/Erth      0%         N/A       100%        5
 Fireball                 Conj/Fire      0%         3d3       100%        5
 Freezing Cloud           Conj/Ice/Air   0%         6-21      100%        5
 Iskenderun's Battlesphe  Conj           0%         2d6       100%        5
 Metabolic Englaciation   Hex/Ice        0%         N/A       100%        5
 Silence                  Hex/Air        0%         N/A       100%        5
 Summon Forest            Summ/Tloc      0%         N/A       100%        5
 Summon Mana Viper        Hex/Summ       0%         N/A       100%        5
 Conjure Ball Lightning   Conj/Air       0%         3x3d6     100%        6
 Eringya's Noxious Bog    Alch           0%         4d6       100%        6
 Plasma Beam              Fire/Air       0%         2x1d10    100%        6
 Sculpt Simulacrum        Ice/Alch       0%         N/A       100%        6
 Starburst                Conj/Fire      0%         6d3       100%        6
 Summon Cactus Giant      Summ           0%         N/A       100%        6
 Orb of Destruction       Conj           0%         9d5       100%        7
 Spellforged Servitor     Conj/Summ      0%         N/A       100%        7
 Discord                  Hex            0%         N/A       100%        8
 Disjunction              Tloc           0%         N/A       100%        8
 Maxwell's Capacitive Co  Air            0%         ∞         100%        8
 Chain Lightning          Conj/Air       0%         N/A       100%        9
 Fire Storm               Conj/Fire      0%         5d1       100%        9
 Shatter                  Erth           0%         3d5*      100%        9


Dungeon Overview and Level Annotations

Branches:
Dungeon (15/15)            Temple (0/1) D:6            Lair (5/5) D:10
 Shoals (4/4) Lair:3       Spider (4/4) Lair:2        Slime (0/5) Lair:4
    Orc (2/2) D:9             Elf (2/3) Orc:2        Vaults (5/5) D:14
  Crypt (3/3) Vaults:3       Tomb (0/3) Crypt:3      Depths (4/4) D:15
   Hell (visited)             Dis (0/7) Hell            Geh (1/7) Hell
    Coc (0/7) Hell            Tar (0/7) Hell            Zot (5/5) Depths:4
 Bailey (visited)

Altars:
Ashenzari
Cheibriados
Elyvilon
Fedhas
Kikubaaqudgha
Makhleb
Nemelex Xobeh
Qazlal
Ru
Trog
Vehumet
Wu Jian
Xom
Yredelemnul
Zin
The Shining One
Beogh
Jiyva

Shops:
D:4 *   Orc:2 [[!?*   Shoals:2 [   Vaults:1 [=   Vaults:2 =   Depths:1 =::

Portals:
Hell: Depths:1 Depths:2 Depths:3 Depths:4
Abyss: Depths:3
Pandemonium: Depths:1 Depths:2 Depths:3 Depths:4
Ziggurat: Depths:1

Annotations:
Zot:1 2 transporters, exclusion: obsidian statue


Innate Abilities, Weirdness & Mutations

Your spellcasting is much less encumbered by armour.
You can use scrolls of enchantment on lesser artefacts.
Your body sometimes deteriorates upon taking damage.
You are frail. (-10% HP)


Message History

Tiesocuip hits you!!
You slip backwards!
You feel your power leaking away. Tiesocuip misses you.
You slice Tiesocuip!!
You kill Tiesocuip!
You feel your dexterity returning.
An Ice Fiend comes into view.
The Ice Fiend roars!
The Ice Fiend calls on the powers of darkness!
Your body is wracked with pain!
The Ice Fiend gestures at you. The bolt of cold hits you! You resist.
There is a stone staircase leading up here.
The Ice Fiend calls on the powers of darkness!
Your body is wracked with pain!
* * * LOW HITPOINT WARNING * * *
You climb upwards.
There is a stone staircase leading down here.
You feel much better.
You feel much better.
Unknown command.
You are confused.
You feel invigorated.
You start resting.
You feel less invigorated.
You feel less confused.
You start resting.
A sun demon comes into view.
Unknown command.
There is a stone staircase leading up here.
You start resting.
A sun demon is nearby!
A sun demon is nearby!
The sun demon shouts!
You climb upwards.
There is a stone staircase leading down here.
There is an open door here.
There is a large open door here.
There is a staircase leading out of the dungeon here.
You have escaped!

#....~≈≈≈≈≈≈≈~≈≈≈≈~≈~~≈≈≈≈~~....#
#....~≈≈≈≈≈≈≈≈≈≈≈≈≈≈≈≈≈≈≈≈≈~...##
#....≈≈≈#+#+#≈≈≈≈≈≈≈#+#+#≈≈~...#
#....~≈≈+>..##+###+##..(+≈≈~...##
#....~≈≈+...'.......+...+≈≈~....#
#....~≈≈#+###.#####.###'#≈≈~.....
#.....~≈≈≈#...#...#...'≈≈≈≈~.....
#...⌠..≈~≈'.⌠.'...###.#≈≈≈≈≈.....
#...⌠..~~~'.⌠.'.@.###.#≈≈≈≈~.....
#.....~≈≈≈#...#...#...'≈≈≈≈≈.....
#....~≈~#'#'#.#####.###'#≈≈~....#
#....~≈≈'...#..÷....#...+≈≈~.....
##...~≈≈'...##'###'##...+≈≈~.....
#...~~≈#+#'#≈≈≈≈≈≈≈#+#+#≈~≈.....
#...~≈≈≈≈≈≈≈≈≈≈≈≈≈≈≈≈≈≈≈~≈~.....
#...≈≈≈≈≈≈≈≈≈≈≈≈≈≈≈≈≈≈≈~≈≈~...).
#...~~≈≈≈~~~~~~~≈≈~≈~~~~~~~.....


There were no monsters in sight!

Vanquished Creatures
  A pandemonium lord (D:3)
  2 dread liches
  2 orbs of fire (Zot:5)
  Mara (Spider:4)
  An ancient lich (Vaults:5)
  3 juggernauts (Depths:4)
  6 Killer Klowns
  A curse toe (Zot:4)
  Saint Roka (Depths:2)
  4 caustic shrikes
  11 golden dragons
  Nikola (Shoals:3)
  A bone dragon (Crypt:3)
  A hellephant (Depths:3)
  13 tentacled monstrosities
  2 walking crystal tomes
  18 Orb Guardians
  A Hell Sentinel (D:11)
  8 liches
  4 walking frostbound tomes
  2 walking divine tomes
  6 quicksilver dragons
  6 titans
  5 sphinxes
  2 ancient champions (Crypt:1)
  A searing wretch (Geh:1)
  2 death cobs (Zot:1)
  10 storm dragons
  8 shadow dragons
  A revenant (Crypt:1)
  6 tengu reavers
  Roxanne (Elf:2)
  4 draconian monks
  9 fire giants
  3 protean progenitors
  3 emperor scorpions
  2 iron dragons
  10 draconian knights
  8 vault wardens
  6 draconian scorchers
  4 ghost moths
  A balrug (Zot:5)
  A juggernaut zombie (Crypt:1)
  10 frost giants
  8 draconian shifters
  5 reapers
  2 spectral caustic shrikes (Depths:1)
  3 ghouls (Crypt:2)
  5 draconian stormcallers
  5 ironbound preservers
  15 stone giants
  A spriggan defender (Depths:4)
  The ghost of Duttonia the Stormcaller, a journeyman MeWn of Gozag (Shoals:2)
  10 very ugly things
  2 quicksilver oozes (Zot:5)
  5 draconian annihilators
  An angel (Shoals:4)
  A demonspawn blood saint (Zot:5)
  3 broodmothers
  An ironbound thunderhulk (Vaults:3)
  2 dire elephants (Vaults:3)
  6 green draconians
  2 putrid mouths (Hell)
  4 vampire knights
  A demonspawn black sun (Zot:5)
  2 deep elf death magi
  A deep elf annihilator (Vaults:5)
  4 white draconians
  8 yellow draconians
  8 black draconians
  5 red draconians
  10 war gargoyles
  A bunyip (Zot:1)
  2 lorocyprocas
  10 purple draconians
  4 spark wasps
  An eidolon (Crypt:1)
  10 fire dragons
  2 merfolk javelineers (Shoals:4)
  6 ettins
  Josephine (D:11)
  7 crystal guardians
  A spriggan zombie (Crypt:3)
  2 deep elf high priests (Vaults:5)
  7 jiangshi
  2 entropy weavers
  9 merfolk impalers
  5 rakshasas
  29 vault guards
  4 jorogumos
  A great orb of eyes (Vaults:4)
  4 yaktaur captains
  13 ice dragons
  A salamander tyrant (Geh:1)
  A quicksilver dragon skeleton (Crypt:2)
  A radroach (Spider:3)
  2 peacekeepers (Vaults:4)
  5 merfolk aquamancers
  A spriggan skeleton (Crypt:2)
  5 ironbound frosthearts
  A catoblepas (D:13)
  4 boulder beetles
  3 ogre magi
  A hell beast (Zot:5)
  8 hell hogs
  3 spriggan air magi
  9 centaur warriors
  A merfolk avatar (Shoals:4)
  3 alligator snapping turtles
  A satyr (Shoals:4)
  2 death knights
  3 two-headed ogres (D:14)
  A titan zombie (Crypt:3)
  21 dancing weapons
  14 deep troll earth magi
  4 deep troll shamans
  2 death yaks (Shoals:4)
  8 tengu warriors
  8 vampire magi
  2 occultists
  Urug (D:12)
  4 orc high priests
  7 demonic crawlers
  A soul eater (Hell)
  8 spriggan berserkers
  Amaemon (D:8)
  12 deep elf knights
  11 sun demons
  5 hell knights
  2 skysharks (Shoals:2)
  Sonja (Orc:1)
  A fire crab (Lair:1)
  A sea snake (shapeshifter) (Vaults:5)
  An anaconda zombie (Crypt:3)
  4 pharaoh ants
  A sixfirhy (D:11)
  A shadow wraith (Crypt:2)
  3 flayed ghosts
  35 skeletal warriors
  20 deep trolls
  A deep troll (shapeshifter) (Depths:1)
  2 sun moths (Spider:3)
  6 sea snakes
  3 spriggan riders
  3 cherubim (Shoals:4)
  3 iron trolls
  11 spectral humans (Vaults:5)
  A mana viper (shapeshifter) (Depths:1)
  A golden dragon zombie (Hell)
  3 glowing orange brains
  4 bog bodies
  An orange crystal statue (Zot:5)
  4 deep elf archers
  A lindwurm (Vaults:2)
  8 phantasmal warriors
  8 arcanists
  4 orb spiders
  14 ironbound convokers
  17 deep elf zephyrmancers
  10 harpies
  12 necromancers
  A harpy (shapeshifter) (Vaults:5)
  6 steelbarb worms
  An alligator zombie (Hell)
  6 orc knights
  2 anaconda skeletons
  10 wolf spiders
  20 ugly things
  12 deep elf pyromancers
  3 orc sorcerers
  A shadow dragon skeleton (Crypt:2)
  7 manticores
  9 fauns
  A salamander (Depths:3)
  6 cyclopes
  Maurice (Orc:2)
  An alligator skeleton (Hell)
  2 meliai (Spider:4)
  10 black mambas
  19 moths of wrath
  6 elephants
  A guardian serpent (Lair:5)
  An ice statue (D:13)
  5 merfolk sirens
  2 eyes of devastation (shapeshifter)
  2 rust devils
  16 vault sentinels
  4 centaur skeletons (D:14)
  A stone giant skeleton (Crypt:1)
  A torpor snail (Lair:1)
  An elephant slug zombie (Crypt:2)
  2 dire elephant zombies (Crypt:3)
  4 water nymphs
  A gargoyle (D:10)
  A smoke demon (Hell)
  A hellion (D:9)
  11 komodo dragons
  A rime drake (Lair:1)
  A dire elephant skeleton (Crypt:3)
  2 kobold demonologists (Bailey)
  2 tormentors
  2 unseen horrors
  12 cane toads
  19 yaktaurs
  5 ice devils
  8 freezing wraiths
  3 tengu conjurers
  2 harpy zombies
  4 trolls
  A sea snake skeleton (Hell)
  A hydra zombie (Hell)
  A queen bee (shapeshifter) (D:13)
  A tyrant leech (Zot:2)
  3 polar bears (Lair:5)
  20 merfolk
  3 wind drakes
  A death drake skeleton (Crypt:2)
  3 hornets
  A fire dragon zombie (Crypt:3)
  3 snapping turtles
  3 raiju (Lair:5)
  6 dream sheep (Shoals:1)
  4 blink frogs (Lair:1)
  2 ettin zombies
  2 glass eyes (Depths:4)
  12 tarantellas
  A boulder beetle zombie (Crypt:2)
  20 jumping spiders
  21 slime creatures
  A ynoxinul (Depths:4)
  3 air elementals
  5 water elementals
  34 yaks
  A vampire (D:9)
  13 culicivoras
  A spriggan (Depths:2)
  9 wyverns
  9 wraiths
  5 hogs (Spider:1)
  3 fire bats
  A basilisk (Lair:1)
  9 wargs
  49 redbacks
  A steam dragon (D:6)
  A chaos spawn (Zot:5)
  A naga zombie (Crypt:3)
  10 vampire mosquitoes
  A redback (shapeshifter) (Depths:3)
  9 hell hounds (Lair:5)
  18 water moccasins
  A naga skeleton (Crypt:3)
  A meliai simulacrum (D:15)
  23 orc warriors
  A faun skeleton (Crypt:1)
  28 laughing skulls
  8 black bears (Lair:5)
  An ice beast (D:7)
  2 sky beasts
  3 ogres
  5 boggarts (D:14)
  15 centaurs
  A phantom (D:6)
  18 wolves
  A swamp dragon skeleton (Crypt:1)
  2 kobold brigands
  2 human zombies (Vaults:2)
  11 bullfrogs
  3 scorpions
  4 earth elementals
  A water moccasin zombie (Crypt:1)
  A small abomination (Zot:4)
  6 wights
  A cyclops skeleton (Crypt:1)
  12 killer bees
  2 howler monkeys (D:10)
  7 electric eels
  22 orc priests
  A bombardier beetle (D:6)
  4 hounds
  Jessica (D:3)
  Terence (D:3)
  12 orc wizards
  A basilisk skeleton (Crypt:2)
  An iguana (D:5)
  4 hell rats (Hell)
  An acid dragon skeleton (Crypt:2)
  A tengu skeleton (Crypt:1)
  Robin (D:2)
  13 gnolls
  6 adders
  2 white imps (D:7)
  An adder zombie (Crypt:2)
  2 ribbon worms
  4 dart slugs
  45 orcs
  4 ball pythons
  4 endoplasms
  3 giant cockroaches
  13 goblins
  20 hobgoblins
  7 jackals
  3 quokkas
  2 bats
  4 frilled lizards
  13 kobolds
  6 rats
  2 aspiring fleshes
  2 fire vortices (Hell)
1685 creatures vanquished.

Vanquished Creatures (collateral kills)
  2 ancient liches
  A juggernaut (Depths:4)
  A golden dragon (Zot:3)
  3 electric golems
  Rupert (Spider:1)
  A tainted leviathan (Hell)
  3 tentacled monstrosities
  A kraken (Shoals:2)
  2 sphinxes
  3 liches
  11 Orb Guardians
  4 shadow dragons
  5 death cobs
  3 tengu reavers
  5 storm dragons
  Kirke (Spider:1)
  Donald (Spider:4)
  Ilsuiw (Shoals:2)
  3 protean progenitors
  A fire giant (Vaults:5)
  4 frost giants
  2 draconian shifters (Zot:3)
  3 emperor scorpions
  2 balrugs
  2 vault wardens
  A spriggan defender (Depths:4)
  A ghoul (Crypt:2)
  2 reapers
  A spectral caustic shrike (Depths:1)
  3 draconian stormcallers
  4 ironbound preservers
  A cacodemon (Depths:2)
  2 green draconians
  2 very ugly things
  A draconian annihilator (Zot:5)
  4 stone giants
  5 ironbound thunderhulks
  4 putrid mouths (Hell)
  3 black draconians
  2 war gargoyles (Crypt:3)
  A deep elf annihilator (Vaults:5)
  A bunyip (Zot:1)
  5 purple draconians
  A white draconian (Zot:5)
  3 dire elephants (Vaults:3)
  2 deep elf death magi (Vaults:5)
  A spark wasp (Spider:3)
  A yellow draconian (Zot:3)
  A blizzard demon (Hell)
  3 red draconians
  Snorg (D:10)
  5 merfolk javelineers
  3 merfolk impalers
  4 entropy weavers
  A deep elf high priest (Vaults:5)
  A fire dragon (Depths:3)
  A green death (Hell)
  2 great orbs of eyes
  A peacekeeper (Vaults:2)
  6 yaktaur captains
  A vault guard (Vaults:4)
  5 ice dragons
  Erolcha (Orc:2)
  4 ironbound frosthearts
  3 merfolk avatars
  2 spriggan air magi
  A quicksilver dragon skeleton (Crypt:3)
  An ogre mage (D:15)
  6 hydras
  A death knight (D:15)
  2 hell beasts
  A jorogumo (Zot:4)
  2 merfolk aquamancers (Shoals:4)
  2 boulder beetles
  An alligator snapping turtle (Shoals:2)
  5 dancing weapons (Elf:2)
  10 centaur warriors
  A death yak (Shoals:4)
  A radroach (Spider:3)
  A tengu warrior (Depths:2)
  2 deep troll shamans (Depths:2)
  9 hell hogs
  2 deep troll earth magi (Depths:2)
  4 demonic crawlers
  An orc high priest (Orc:2)
  5 spriggan berserkers
  A soul eater (Hell)
  2 deep elf knights (Elf:2)
  An iron troll (Depths:4)
  6 hell knights
  A pharaoh ant (Spider:4)
  3 skeletal warriors
  4 sun demons
  A sea snake (Shoals:2)
  An anaconda zombie (Hell)
  4 deep trolls
  2 sun moths
  8 orb spiders
  A bog body (Crypt:2)
  A deep elf archer (Elf:1)
  2 lindwurms (Vaults:2)
  3 phantasmal warriors
  5 ironbound convokers
  6 harpies
  2 necromancers (Hell)
  4 orc knights
  6 wolf spiders
  3 deep elf pyromancers
  2 deep elf zephyrmancers
  5 fauns
  7 manticores
  4 cyclopes
  5 ugly things
  An alligator skeleton (Hell)
  4 moths of wrath
  2 rust devils (Hell)
  5 meliai (Spider:4)
  12 slime creatures
  3 merfolk sirens
  A black mamba (Lair:4)
  2 water nymphs (Shoals:2)
  2 smoke demons (Hell)
  5 vault sentinels
  6 cane toads
  6 torpor snails
  5 elephants
  A dire elephant skeleton (Hell)
  10 yaktaurs
  An orange demon (D:8)
  An unseen horror (D:12)
  4 rime drakes
  A kobold demonologist (D:11)
  A tormentor (Hell)
  A freezing wraith (Vaults:5)
  An anaconda simulacrum (Hell)
  2 komodo dragons
  An efreet (D:13)
  A sea snake skeleton (Hell)
  3 trolls
  2 harpy zombies (Hell)
  7 merfolk
  A hydra zombie (Hell)
  5 hornets
  A queen bee (Spider:4)
  2 snapping turtles
  2 wind drakes (Shoals:3)
  6 polar bears (Lair:5)
  5 tarantellas
  8 blink frogs (Lair:1)
  3 dream sheep (Shoals:2)
  13 jumping spiders
  3 spriggans
  Sigmund (D:3)
  7 culicivoras
  2 water elementals
  7 wyverns
  A black mamba skeleton (Crypt:2)
  16 yaks
  2 shadows
  A vampire (D:13)
  A wraith (D:11)
  2 wargs
  A fire bat (Lair:5)
  2 basilisks
  21 redbacks
  An acid dragon (D:12)
  9 water moccasins
  5 hell hounds
  A hydra simulacrum (Hell)
  14 orc warriors
  3 black bears (Lair:5)
  An ice beast (D:5)
  A laughing skull (Crypt:3)
  Pargi (D:3)
  A small abomination (D:11)
  11 wolves
  3 ogres
  A boggart (Vaults:2)
  A swamp dragon skeleton (Crypt:2)
  3 centaurs
  A phantom (D:6)
  7 bullfrogs
  2 gnoll sergeants
  A wight (D:6)
  4 killer bees
  A polar bear skeleton (Crypt:2)
  2 howler monkeys
  An electric eel (Bailey)
  A bombardier beetle (D:7)
  A jelly (D:5)
  A hound (D:6)
  18 orc priests
  An iguana (D:6)
  14 orc wizards
  3 gnolls
  A dart slug (D:4)
  21 orcs
  An endoplasm (D:3)
  A goblin (D:2)
  A jackal (D:3)
  3 kobolds
  2 rats (D:12)
  2 aspiring fleshes (Zot:4)
  A fire vortex (Hell)
  2 tentacles (Shoals:2)
663 creatures vanquished.

Vanquished Creatures (others)
  spectral Geryon (Zot:5)
  A shadow dragon (Zot:4)
  A ghost moth (Zot:3)
  A spectral tentacled monstrosity (Depths:4)
  A spectral elf (Depths:1)
  2 caustic shrike zombies
  5 spectral humans
  2 Killer Klown zombies (Zot:5)
  A spectral Hell Sentinel (D:11)
  A deep elf high priest (Vaults:5)
  2 very ugly thing zombies
  A spriggan air mage (Depths:3)
  9 Orb Guardian zombies (Zot:5)
  2 quicksilver ooze zombies (Zot:5)
  A spectral protean progenitor (Zot:2)
  An orc high priest (Orc:2)
  4 storm dragon zombies
  A spectral sixfirhy (D:11)
  2 titan zombies (Vaults:5)
  A spectral lorocyproca (Hell)
  2 golden dragon zombies
  A spectral cacodemon (Depths:2)
  A ghost moth zombie (Zot:3)
  2 shadow dragon zombies
  An ugly thing zombie (Depths:4)
  3 jorogumo zombies
  3 wolf spider zombies
  8 hell hog zombies
  A spectral deep troll (Depths:1)
  2 fire giant zombies
  A spectral blizzard demon (Hell)
  7 draconian zombies
  4 stone giant zombies
  An iron dragon zombie (Vaults:5)
  A broodmother zombie (Spider:4)
  A spectral orc (Spider:4)
  2 spectral rakshasas (Depths:1)
  A demonspawn zombie (Zot:5)
  3 spectral sun demons (Hell)
  2 orb spider zombies (Spider:3)
  2 purple draconian zombies (Zot:5)
  A death yak zombie (Shoals:4)
  2 green draconian zombies (Zot:5)
  2 black draconian zombies
  7 spriggan zombies
  A white draconian zombie (Zot:5)
  2 sea snake zombies (Shoals:4)
  15 redback zombies
  A steelbarb worm zombie (Spider:4)
  A demonic crawler zombie (Spider:4)
  7 moth of wrath zombies
  5 harpy zombies
  3 culicivora zombies
  13 merfolk zombies
  6 tarantella zombies
  An ettin zombie (Vaults:5)
  3 fire dragon zombies
  4 meliai zombies (Spider:4)
  An ice dragon zombie (Depths:3)
  2 spectral cherubs
  10 jumping spider zombies
  2 black mamba zombies (Lair:5)
  A water elemental (Shoals:2)
  2 slime creature zombies (D:14)
  A spectral hell beast (Zot:5)
  2 spectral ice devils
  3 water nymph zombies
  A faun zombie (Shoals:2)
  18 human zombies
  A two-headed ogre zombie (D:14)
  2 tengu zombies
  An ogre zombie (Vaults:5)
  A skyshark zombie (Shoals:2)
  11 deep troll zombies
  A spectral smoke demon (Hell)
  3 cane toad zombies (Lair:5)
  3 entropy weaver zombies
  2 manticore zombies
  A hornet zombie (Depths:4)
  12 elf zombies
  3 dream sheep zombies
  A wolf (Lair:5)
  5 yaktaur zombies
  2 hell hound zombies (Lair:5)
  2 salamander zombies
  A wyvern zombie (Lair:5)
  2 cyclops zombies
  5 water moccasin zombies
  A troll zombie (Orc:2)
  2 yak zombies (D:11)
  A polar bear zombie (Lair:5)
  10 wolf zombies
  7 centaur zombies
  4 bullfrog zombies
  2 black bear zombies (Lair:5)
  An orc priest (Orc:2)
  An orc wizard (Orc:2)
  2 killer bee zombies
  A hound zombie (D:6)
  2 howler monkey zombies
  3 hell rat zombies (Hell)
  An adder zombie (D:5)
  An orc (Vaults:5)
  3 gnoll zombies
  2 goblin zombies
  5 hobgoblin zombies (Bailey)
  A jackal zombie (D:3)
  2 kobold zombies
  36 orc zombies
  A quokka zombie (D:3)
  4 ball lightnings (D:11)
  2 creeping infernos (Hell)
  A fire vortex (Hell)
  2 tentacles (Shoals:2)
363 creatures vanquished.

Grand Total: 2711 creatures vanquished

Notes
Turn   | Place    | Note
-------+----------+-------------------------------------------
     0 | D:1      | Posi the Mountain Dwarf Fighter began the quest for the
                  | Orb.
     0 | D:1      | Reached XP level 1. HP: 19/19 MP: 1/1
   127 | D:1      | Reached XP level 2. HP: 23/26 MP: 2/2
   373 | D:1      | Reached XP level 3. HP: 30/33 MP: 3/3
   651 | D:2      | Found a basalt altar of Yredelemnul.
   698 | D:2      | Noticed Robin
   706 | D:2      | Reached XP level 4. HP: 31/40 MP: 4/4
   721 | D:2      | Became a worshipper of Yredelemnul the Fallen
   732 | D:2      | Killed Robin
   991 | D:2      | Found a faded altar of an unknown god.
  1605 | D:3      | Reached XP level 5. HP: 46/46 MP: 5/5
  1725 | D:3      | Noticed Pargi
  1726 | D:3      | Noticed Terence
  1734 | D:3      | Killed Terence
  1735 | D:3      | Reached skill level 5 in Axes
  1735 | D:3      | Killed Pargi
  1736 | D:3      | Reached XP level 6. HP: 17/53 MP: 6/6
  1736 | D:3      | Noticed Sigmund
  1744 | D:3      | Killed Sigmund
  1745 | D:3      | Reached skill level 5 in Fighting
  1745 | D:3      | Reached skill level 5 in Shields
  2033 | D:3      | Noticed Jessica
  2034 | D:3      | Found a white marble altar of Elyvilon.
  2055 | D:3      | Killed Jessica
  2236 | D:3      | Found a bloodstained altar of Trog.
  2325 | D:4      | Reached XP level 7. HP: 61/61 MP: 7/7
  2426 | D:4      | Got the Annotations on Distillation and Pyromania
  2449 | D:4      | Identified the +4 quarterstaff "Impslayer" {pain, ^Contam
                  | rElec rF- rCorr Dex+5}
  2608 | D:4      | Found Zoel's Gadget Gallery.
  2728 | D:5      | Entered Level 5 of the Dungeon
  3091 | D:5      | Reached * piety under Yredelemnul
  3095 | D:5      | Reached XP level 8. HP: 37/70 MP: 8/8
  3749 | D:6      | Found a staircase to the Ecumenical Temple.
  4008 | D:6      | Reached skill level 10 in Axes
  4016 | D:6      | Reached XP level 9. HP: 68/79 MP: 9/9
  4504 | D:7      | Found a shimmering altar of Xom.
  4510 | D:7      | Reached ** piety under Yredelemnul
  4928 | D:8      | Noticed Amaemon
  4928 | D:8      | Noticed an orange demon
  4939 | D:8      | Killed Amaemon
  4940 | D:8      | Killed an orange demon
  5128 | D:8      | Found a broken altar of Ashenzari.
  5232 | D:8      | Reached XP level 10. HP: 89/91 MP: 10/10
  5364 | D:8      | Found an ornate altar of the Wu Jian Council.
  5366 | D:8      | Found a stormy altar of Qazlal.
  5876 | D:9      | Paralysed by a hornet for 2 turns
  5885 | D:9      | Reached *** piety under Yredelemnul
  6037 | D:9      | Reached skill level 10 in Fighting
  6091 | D:9      | Found a blossoming altar of Fedhas.
  6205 | D:9      | Found a flagged portal.
  6214 | Bailey   | Entered a bailey
  6378 | Bailey   | Reached skill level 15 in Axes
  6487 | Bailey   | Found an iron altar of Okawaru.
  6490 | Bailey   | Reached **** piety under Yredelemnul
  6605 | Bailey   | Reached XP level 11. HP: 98/101 MP: 11/11
  7614 | D:9      | Found a staircase to the Orcish Mines.
  7924 | D:10     | Entered Level 10 of the Dungeon
  7924 | D:10     | Noticed Snorg
  7934 | D:10     | Killed Snorg
  7935 | D:10     | Reached skill level 1 in Invocations
  8103 | D:10     | Found a sparkling altar of Nemelex Xobeh.
  8130 | D:10     | Reached ***** piety under Yredelemnul
  8135 | D:10     | Found a staircase to the Lair.
  8637 | D:10     | Acquired the +10 executioner's axe "Kofracli" {vamp,
                  | ^Fragile rElec rF+++}
  8685 | D:11     | Noticed Josephine
  8695 | D:11     | Killed Josephine
  9119 | D:11     | Your ally Josephine died
  9381 | D:11     | Found an ornate altar of the Wu Jian Council.
  9768 | Lair:1   | Entered Level 1 of the Lair of Beasts
  9778 | Lair:1   | Reached skill level 5 in Armour
  9809 | Lair:1   | Reached XP level 12. HP: 112/112 MP: 15/15
  9832 | Lair:1   | Noticed Nergalle
  9842 | Lair:1   | Killed Nergalle
  9842 | Lair:1   | Bound Nergalle
 10730 | Lair:2   | Reached skill level 5 in Invocations
 10876 | Lair:2   | Reached XP level 13. HP: 119/122 MP: 17/17
 10993 | Lair:2   | Found a hole to the Spider Nest.
 12117 | Lair:3   | Found a staircase to the Shoals.
 12152 | Lair:3   | Reached ****** piety under Yredelemnul
 12539 | Lair:4   | Found a staircase to the Slime Pits.
 12548 | Lair:4   | Found a viscous altar of Jiyva.
 13271 | Lair:5   | Entered Level 5 of the Lair of Beasts
 13463 | Lair:5   | Reached XP level 14. HP: 127/132 MP: 18/20
 14193 | Lair:5   | Reached skill level 10 in Armour
 14333 | Lair:5   | Reached skill level 10 in Invocations
 14925 | D:12     | Noticed Urug
 14939 | D:12     | Killed Urug
 15629 | D:12     | Found a bloodstained altar of Trog.
 15645 | D:12     | Identified the +4 dagger "Vysmianu" {heavy, rN+ rCorr}
 16098 | D:13     | Reached skill level 15 in Fighting
 16885 | D:14     | Reached XP level 15. HP: 135/141 MP: 23/23
 17572 | D:14     | Found a gate to the Vaults.
 17710 | D:15     | Entered Level 15 of the Dungeon
 18505 | D:15     | Found a staircase to the Depths.
 18812 | Orc:1    | Entered Level 1 of the Orcish Mines
 18924 | Orc:2    | Entered Level 2 of the Orcish Mines
 18928 | Orc:2    | Found Dowkait's Antique Armour Shop.
 19052 | Orc:2    | Found Yfen's Antique Armour Boutique.
 19052 | Orc:2    | Found Qejenki's Magic Scroll Shop.
 19062 | Orc:2    | Found Raez's Assorted Antiques.
 19086 | Orc:2    | Found Ketuni Idghumn's Distillery.
 19236 | Orc:2    | Bought an ancient plate armour for 644 gold pieces
 19236 | Orc:2    | Identified the +10 plate armour "Poynume" {-Cast rPois rC+
                  | Dex+2} (You bought it in a shop on level 2 of the Orcish
                  | Mines)
 19252 | Orc:2    | Bought 2 potions of curing for 84 gold pieces
 19252 | Orc:2    | Bought a potion of heal wounds for 70 gold pieces
 19252 | Orc:2    | Bought a potion of invisibility for 112 gold pieces
 19252 | Orc:2    | Bought a potion of curing for 42 gold pieces
 19254 | Orc:2    | Bought a scroll of acquirement for 780 gold pieces
 19254 | Orc:2    | Acquired 1096 gold pieces
 19317 | Orc:2    | Found a roughly hewn altar of Beogh.
 19348 | Orc:2    | Found a staircase to the Elven Halls.
 19374 | Orc:2    | Noticed Erolcha
 19381 | Orc:2    | Killed Erolcha
 19477 | Orc:2    | Noticed Maurice
 19487 | Orc:2    | Killed Maurice
 19904 | Orc:2    | Bought a pair of gloves for 103 gold pieces
 19911 | Orc:2    | Bought a scroll of teleportation for 45 gold pieces
 19911 | Orc:2    | Bought a scroll of teleportation for 45 gold pieces
 19911 | Orc:2    | Bought a scroll of revelation for 112 gold pieces
 19975 | Orc:1    | Noticed Sonja
 19988 | Orc:1    | Killed Sonja
 20257 | Spider:1 | Entered Level 1 of the Spider Nest
 20300 | Spider:1 | Identified the ring of Meosepau {*Slow rPois rN+ Int+4}
 20372 | Spider:1 | Noticed an emperor scorpion
 20383 | Spider:1 | Killed an emperor scorpion
 20613 | Spider:1 | Reached XP level 16. HP: 147/151 MP: 25/25
 20910 | Spider:1 | Noticed Kirke
 20925 | Spider:1 | Killed Kirke
 21002 | Spider:1 | Noticed Rupert
 21009 | Spider:1 | Killed Rupert
 21630 | Spider:2 | Identified the +0 leather armour "Paiqo" {^Drain rC+ rCorr}
 23288 | Spider:4 | Entered Level 4 of the Spider Nest
 23339 | Spider:4 | Noticed Mara
 23352 | Spider:4 | Killed Mara
 23353 | Spider:4 | Reached XP level 17. HP: 152/161 MP: 27/27
 23383 | Spider:4 | Noticed Donald
 23390 | Spider:4 | Killed Donald
 23399 | Spider:4 | Your ally Nergalle died
 23401 | Spider:4 | Your ally Donald died
 23572 | Spider:4 | Got a gossamer rune of Zot
 23767 | Spider:4 | Reached skill level 15 in Invocations
 24003 | Shoals:1 | Entered Level 1 of the Shoals
 24139 | Shoals:1 | Identified the +4 spear "Beastslayer" {venom, *Corrode rC+
                  | rN+ MP+9}
 24179 | Shoals:1 | Noticed Louise
 24201 | Shoals:1 | Killed Louise
 24201 | Shoals:1 | Bound Louise
 24628 | Shoals:2 | Found a runed translucent door.
 24628 | Shoals:2 | Noticed Duttonia's ghost (journeyman MeWn)
 24815 | Shoals:2 | Found Jiduc's Antique Armour Emporium.
 24986 | Shoals:2 | Found a runed translucent door.
 25042 | Shoals:2 | Noticed a kraken
 25042 | Shoals:2 | Killed Ilsuiw
 25054 | Shoals:2 | Killed a kraken
 25440 | Shoals:2 | Your ally Ilsuiw died
 25449 | Shoals:2 | Killed Duttonia's ghost
 25694 | Shoals:3 | Found a shimmering altar of Xom.
 25698 | Shoals:3 | Reached XP level 18. HP: 162/171 MP: 29/29
 25717 | Shoals:3 | Noticed Nikola
 25726 | Shoals:3 | Killed Nikola
 26218 | Shoals:4 | Entered Level 4 of the Shoals
 26271 | Shoals:4 | Found a white marble altar of Elyvilon.
 26294 | Shoals:4 | Reached skill level 15 in Armour
 26646 | Shoals:4 | Identified the +6 arbalest of the Grave {penet, rC++ rCorr
                  | SInv Stlth-}
 26723 | Shoals:4 | Found a glowing silver altar of Zin.
 26855 | Shoals:4 | Found a glowing golden altar of the Shining One.
 26986 | Shoals:4 | Got a barnacled rune of Zot
 27076 | Shoals:4 | Identified the amulet "Xagukea" {Reflect Harm *Slow rC++
                  | SH+5 SInv}
 27372 | Vaults:1 | Entered Level 1 of the Vaults
 27459 | Vaults:1 | Noticed Zenata
 27466 | Vaults:1 | Killed Zenata
 27466 | Vaults:1 | Bound Zenata
 27577 | Vaults:1 | Found Icsiahor's Jewellery Shoppe.
 27597 | Vaults:1 | Bought the ring of the Many Stars {^Drain rElec rC+++ Int-5
                  | SInv} for 862 gold pieces
 28042 | Vaults:1 | Found Pemmusmi's Antique Armour Shop.
 28700 | Vaults:2 | Reached skill level 27 in Axes
 29012 | Vaults:2 | Reached XP level 19. HP: 173/181 MP: 31/31
 29551 | Vaults:2 | Found Ilyojess's Jewellery Shop.
 29810 | Vaults:3 | Paralysed by a sphinx for 4 turns
 30078 | Vaults:3 | Found a staircase to the Crypt.
 31245 | Vaults:4 | Got Sif Muna's Essays on Red Gusts
 32115 | Vaults:4 | Reached XP level 20. HP: 183/193 MP: 33/33
 32265 | Vaults:4 | Identified the +4 falchion of Ancient Evil {flame, *Rage
                  | rF++ Int+5}
 32398 | Crypt:1  | Entered Level 1 of the Crypt
 32431 | Crypt:1  | Your ally Zenata died
 33017 | Elf:1    | Entered Level 1 of the Elven Halls
 34240 | Elf:2    | Found a huge runed translucent gate.
 34456 | Elf:2    | Found a huge runed translucent gate.
 34456 | Elf:2    | Found a huge runed translucent gate.
 34457 | Elf:2    | Found a huge runed translucent gate.
 34458 | Elf:2    | Found a huge runed translucent gate.
 34878 | Elf:2    | Noticed Roxanne
 35298 | Depths:1 | Entered Level 1 of the Depths
 35413 | Depths:1 | Found a gateway to Hell.
 35682 | Depths:1 | Found a snail-covered altar of Cheibriados.
 35746 | Depths:1 | Found a one-way gate leading to the halls of Pandemonium.
 35774 | Depths:1 | Found a one-way gateway to a ziggurat.
 36324 | Depths:1 | Found Myfum's Book Shop.
 36325 | Depths:1 | Found Desurypi's Jewellery Shoppe.
 36328 | Depths:1 | Found Zugaow's Book Shop.
 36381 | Depths:2 | Noticed Saint Roka
 36519 | Depths:2 | Noticed a golden dragon
 36535 | Depths:2 | Reached XP level 21. HP: 139/205 MP: 26/35
 36549 | Depths:2 | Killed Saint Roka
 36557 | Depths:2 | Killed a golden dragon
 36576 | Depths:2 | Your ally Saint Roka died
 36856 | Depths:2 | Found a glowing golden altar of the Shining One.
 36887 | Depths:2 | Found a radiant altar of Vehumet.
 37071 | Depths:2 | Paralysed by a sphinx for 5 turns
 37098 | Depths:2 | Identified the amulet "Kygashriju" {Faith rPois Slay+2}
 37864 | Depths:3 | Found a glowing golden altar of the Shining One.
 37876 | Depths:3 | Found a one-way gate to the infinite horrors of the Abyss.
 37993 | Depths:3 | Noticed a dread lich
 38003 | Depths:3 | Killed a dread lich
 38047 | Depths:3 | Noticed a golden dragon
 38057 | Depths:3 | Killed a golden dragon
 38131 | Depths:3 | Noticed a caustic shrike
 38142 | Depths:3 | Killed a caustic shrike
 38226 | Depths:3 | Noticed a caustic shrike
 38232 | Depths:3 | Killed a caustic shrike
 38543 | Depths:3 | Found a sacrificial altar of Ru.
 38787 | Depths:4 | Entered Level 4 of the Depths
 38919 | Depths:4 | Found a burning altar of Makhleb.
 38924 | Depths:4 | Found a burning altar of Makhleb.
 38943 | Depths:4 | Found an ornate altar of the Wu Jian Council.
 38999 | Depths:4 | Noticed a juggernaut
 39007 | Depths:4 | Reached XP level 22. HP: 217/217 MP: 37/37
 39010 | Depths:4 | Killed a juggernaut
 39185 | Depths:4 | Found a gate to the Realm of Zot.
 39274 | Depths:4 | Noticed a juggernaut
 39281 | Depths:4 | Killed a juggernaut
 39344 | Depths:4 | Paralysed by a sphinx for 4 turns
 39367 | Depths:4 | Noticed a caustic shrike
 39373 | Depths:4 | Killed a caustic shrike
 39384 | Depths:4 | Noticed a juggernaut
 39395 | Depths:4 | Killed a juggernaut
 39487 | Depths:4 | Noticed a golden dragon
 39498 | Depths:4 | Killed a golden dragon
 39607 | Depths:4 | Noticed a golden dragon
 39615 | Depths:4 | Killed a golden dragon
 39663 | Depths:4 | Noticed a juggernaut
 39671 | Depths:4 | Killed a juggernaut
 39791 | Depths:4 | Noticed a golden dragon
 39802 | Depths:4 | Killed a golden dragon
 39950 | Depths:4 | Noticed a caustic shrike
 39959 | Depths:4 | Killed a caustic shrike
 40234 | Depths:4 | Identified the ring of the Wereyak {Will+ rCorr Str+3
                  | Slay+2}
 40739 | Vaults:5 | Entered Level 5 of the Vaults
 40782 | Vaults:5 | Reached XP level 23. HP: 139/213 MP: 35/39
 40809 | Vaults:5 | Noticed an ancient lich
 40818 | Vaults:5 | Identified the amulet of Meifou {Spirit Will- rCorr SInv
                  | Stlth+}
 40822 | Vaults:5 | Killed an ancient lich
 40842 | Vaults:5 | Identified the ring of Vecven {Fly rElec rN+}
 41118 | Vaults:5 | Noticed an ancient lich
 41128 | Vaults:5 | Killed an ancient lich
 41183 | Vaults:5 | Identified the +0 cloak "Touch" {Rampage +Inv rPois rN++}
 41336 | Vaults:5 | Found the +3 greatsling "Punk" {acid, rCorr}
 41345 | Vaults:5 | Identified the +2 ring mail "Jewnivaxt" {Dex+5}
 41683 | Vaults:5 | Got the Volume of Conjuration
 41977 | Vaults:5 | Got a silver rune of Zot
 42354 | Crypt:1  | Acquired the +2 pair of slick slippers {slick, slippery,
                  | EV+4}
 42354 | Crypt:1  | Found the +2 pair of slick slippers {slick, slippery, EV+4}
 42373 | Crypt:1  | Identified the +0 chain mail of the Garden {rN+++ Will-
                  | rCorr Dex-2}
 43850 | Crypt:3  | Entered Level 3 of the Crypt
 44039 | Crypt:3  | Reached XP level 24. HP: 239/240 MP: 40/40
 44159 | Crypt:3  | Noticed a dread lich
 44180 | Crypt:3  | Killed a dread lich
 44407 | Crypt:3  | Found an ancient bone altar of Kikubaaqudgha.
 44440 | Crypt:3  | Found the +8 demon blade "Leech" {evervamp, Harm ^Drain
                  | rN+}
 44445 | Crypt:3  | Identified the +3 leather armour of Infinity {^Contam rElec
                  | SInv}
 44688 | Crypt:3  | Found a staircase to the Tomb.
 45534 | Elf:2    | Killed Roxanne
 46241 | Hell     | Entered the Vestibule of Hell
 46241 | Hell     | Noticed Geryon
 46256 | Hell     | Killed Geryon
 46256 | Hell     | Bound Geryon
 46518 | Hell     | Reached skill level 27 in Invocations
 47536 | Hell     | Found a gateway to the Iron City of Dis.
 47676 | Hell     | Found a gateway to the ashen valley of Gehenna.
 47717 | Hell     | Found a gateway to the decaying netherworld of Tartarus.
 47773 | Hell     | Found a gateway to the freezing wastes of Cocytus.
 47893 | Geh:1    | Entered Level 1 of Gehenna
 47909 | Geh:1    | Noticed a dread lich
 48150 | Zot:1    | Entered Level 1 of the Realm of Zot
 48204 | Zot:1    | Found a transporter.
 48222 | Zot:1    | Found a transporter.
 48359 | Zot:1    | Reached skill level 1 in Dodging
 48715 | Zot:1    | Identified the +1 short sword of Red Wine {flame, Dex+3}
 49360 | Zot:2    | Reached XP level 25. HP: 255/255 MP: 40/40
 49466 | Zot:2    | Identified the +6 great mace of Recklessness {flame, *Rage
                  | rF+ rN+}
 50043 | Zot:3    | Noticed a Killer Klown
 50087 | Zot:3    | Killed a Killer Klown
 50336 | Zot:3    | Reached skill level 5 in Dodging
 50606 | Zot:3    | Reached skill level 27 in Fighting
 51197 | Zot:4    | Got the Vademecum on the Dusty Torch
 52004 | Zot:5    | Entered Level 5 of the Realm of Zot
 52435 | Zot:5    | Noticed an ancient lich
 52453 | Zot:5    | Killed an ancient lich
 52459 | Zot:5    | Noticed a Killer Klown
 52462 | Zot:5    | Noticed an orb of fire
 52463 | Zot:5    | Noticed a Killer Klown
 52473 | Zot:5    | Gained mutation: Your body sometimes deteriorates upon
                  | taking damage. [an orb of fire]
 52475 | Zot:5    | Killed a Killer Klown
 52475 | Zot:5    | Gained mutation: You are frail. (-10% HP) [an orb of fire]
 52476 | Zot:5    | Reached XP level 26. HP: 239/239 MP: 29/40
 52479 | Zot:5    | Killed an orb of fire
 52492 | Zot:5    | Noticed an orb of fire
 52500 | Zot:5    | Your ally Geryon died
 52511 | Zot:5    | Killed an orb of fire
 52520 | Zot:5    | HP: 8/239 [Killer Klown/+11 club (27)]
 52940 | Zot:5    | Reached skill level 27 in Armour
 52968 | Zot:5    | Reached skill level 10 in Dodging
 53353 | Zot:5    | Reached skill level 1 in Evocations
 53499 | Zot:5    | Got the Orb of Zot
 53586 | Zot:5    | Noticed Ugil the pandemonium lord
 54219 | D:11     | Noticed Votzuf the pandemonium lord
 54390 | D:3      | Noticed Tiesocuip the pandemonium lord
 54403 | D:3      | Killed Tiesocuip the pandemonium lord
 54489 | D:$      | Escaped with the Orb!

Illustrated notes

Levels and vault maps discovered:
D:1:      dpeg_arrival_castle, layout_rooms, grunt_decor_arrowhead
D:2:      layout_loops_ring, basic_ecumenical_altar, basic_altar, uniq_robin
D:3:      layout_rooms, lemuel_coloured_pillars_altar, elyvilon_altar_3,
          uniq_terence, uniq_pargi, uniq_sigmund, uniq_jessica
D:4:      layout_cave_pools, nicolae_shop_gadgets
D:5:      layout_basic
D:6:      layout_rooms, minmay_temple_entry_grid
D:7:      layout_rooms, regret_index_xom_of_box, st_stairs_4
D:8:      layout_cave_pods, chequers_temple_overflow_statue_of_worship,
          ashenzari_conservatory_becter, nrook_mini_vaults, uniq_amaemon
D:9:      layout_cave_pools, overflow_temple_1_default, david_orc_1_choice,
          enter_bailey_2, serial_column_ruins, column_ruins_circle_small,
          column_ruins_open_small, column_ruins_open_tiny, column_ruins_grid_1,
          column_ruins_grid_2
D:10:     layout_loops_ring, lemuel_crystal_altar, erik_lair_orcish_takeover,
          uniq_snorg
D:11:     layout_layer_cave, gauntlet_entry_generic,
          nicolae_wu_jian_glorious_leap, uniq_josephine
D:12:     nicolae_whirlpool, layout_basic, tgw_trog, uniq_urug
D:13:     cheibrodos_frozen_isle, layout_irregular_city
D:14:     layout_basic, hangedman_vaults_entry_quadrant_bands,
          minmay_misc_feat_square
D:15:     hellmonk_depths_entry_around_the_bend, layout_gridville,
          hangedman_decor_lopped
Lair:1:   layout_roguey, hangedman_lair_generics_rect, grunt_megastairs_5,
          uniq_nergalle
Lair:2:   layout_regular_city, spider_nest_entry_webs, beast_lair_carwin_8
Lair:3:   layout_regular_city, minmay_shoals_entry_lonely_mermaid
Lair:4:   layout_concentric_octagons, slime_entry_1, minivault_27,
          serial_bayou_shore_a, grunt_megastairs_4, lemuel_fruit_fields
Lair:5:   hangedman_lair_tendril_chambers, layout_small_grid,
          hangedman_lair_caniforms_friends, nicolae_volcano_entry_batcave,
          chequers_serial_rivers_small_b, nicolae_lair_time_for_slime,
          infiniplex_staircase_pool_2
Shoals:1: layout_shoals, uniq_louise
Shoals:2: cheibrodos_shoals_roost, layout_shoals, serial_shops, shop,
          hellmonk_ghost_happy_afterlife, lightli_airlock, uniq_ilsuiw
Shoals:3: layout_shoals, lemuel_centaur_altar, uniq_nikola
Shoals:4: shoals_end_hellmonk_holy_island
Spider:1: layout_spider_delve, uniq_rupert, uniq_kirke
Spider:2: layout_spider_delve
Spider:3: layout_chambers, hellmonk_test_site
Spider:4: hellmonk_spider_rune_bug_friends, nicolae_looking_at_the_future,
          uniq_donald, uniq_mara
Orc:1:    layout_caves, uniq_sonja
Orc:2:    st_orc_mages, layout_diamond_mine, serial_shops,
          nicolae_shop_tiny_waterfront, basic_altar, uniq_maurice, uniq_erolcha
Elf:1:    elf_arrival_001, layout_geoelf_diagonals, nicolae_elf_crossing_hall,
          st_stairs_13, serial_sigils_hangedman_shear,
          nicolae_concentric_dashed_squares_wild
Elf:2:    elven_hall_of_blades_hangedman_alternative [nicolae_blade_tridents],
          layout_loops_corners, uniq_roxanne
Vaults:1: nicolae_vaults_circle_grid_b, ontoclasm_vaults_shuriken,
          vaults_standard_mumra_lines, cheibrodos_statue_roulette,
          vaults_room_hallway, ontoclasm_vaults_tryst,
          nicolae_vaults_sightless_eye, ontoclasm_vaults_gateway,
          nicolae_vaults_wine_cellar, nicolae_vaults_double_plus_1,
          vaults_room_mumra_shop_pool, serial_library_hellmonk_open_square,
          layout_vaults_omnicross, serial_shops,
          nicolae_shop_competitors_out_of_business, uniq_zenata
Vaults:2: nicolae_vaults_steering_wheel, v_misc_3,
          nicolae_vaults_little_squares_6, nicolae_vaults_trapezoid_lopsided_2,
          v_misc_24, vaults_room_stairs_pillars, nicolae_vaults_sealed_display,
          grunt_vaults_twisty, nicolae_vaults_network_s, vaults_mumra_minichess,
          nicolae_vaults_little_squares_6, nicolae_vaults_little_squares_5,
          nicolae_vaults_tetromino_Z_1, layout_vaults_ring, serial_shops,
          nicolae_square_shop
Vaults:3: nicolae_vaults_double_plus_1, nicolae_vaults_heart-shaped_vault,
          ontoclasm_vaults_pinch, nicolae_vaults_trapezoid_lopsided_1,
          nicolae_vaults_puzzle_piece, minmay_crypt_entry_simple_statues,
          v_misc_13, layout_vaults_omnigrid
Vaults:4: vaults_room_fours, vaults_room_semicircle,
          nicolae_vaults_cornered_office, v_misc_25,
          nicolae_vaults_closet_pinwheel_1, nicolae_vaults_yaktaur_gun_rack,
          vaults_room_semicircle, nicolae_vaults_little_squares_3, v_misc_14,
          nicolae_vaults_closet_pinwheel_6, ontoclasm_vaults_bender, st_lines,
          nicolae_vaults_tetromino_Z_1, layout_vaults_big_room
Vaults:5
Crypt:1:  layout_rooms, grunt_ministairs_4
Crypt:2:  layout_gridlike, nicolae_crypt_cryptocurrency
Crypt:3:  cryptofortress_bobbens
Depths:1: layout_basic, enter_ziggurat_f, minmay_misc_feat_columns,
          pf_hell_entry_tar_river, pan_entry, cheibriados_altar_1,
          minmay_shop_grove, serial_bayou_shore_b
Depths:2: minmay_the_grid_octo_triangle [minmay_the_grid_octo_vomiting_pacman,
          minmay_the_grid_octo_prize_big_c, minmay_the_grid_octo_fat_diamond],
          layout_basic, rand_demon_pan_entry_5, nicolae_vehumet_radiance,
          hangedman_coc_ice_floe, minmay_misc_feat_ornament,
          nrook_loot_triangle, uniq_saint_roka
Depths:3: nicolae_hexawheel, layout_cave_pools, grunt_hell_horde,
          nicolae_ru_sacrificial_ziggurat, abyss_entry, pan_entry,
          tso_metal_star
Depths:4: hangedman_slaughterboxes, pan_entry, hell_entry
Hell
Geh:1:    layout_gehenna_lava_caves
Zot:1:    gammafunk_sealed_arena, layout_onion_interference, grunt_megastairs_1
Zot:2:    layout_basic
Zot:3:    layout_gridlike, st_single_dragon_hoard_2, grunt_megastairs_3
Zot:4:    layout_cellular_growth, kennysheep_underground_church
Zot:5:    layout_cathedral_of_symmetry

Skill      XL: |  1  2  3  4  5  6  7  8  9 10 11 12 13 14 15 16 17 18 19 20 21 22 23 24 25 26 |
---------------+-------------------------------------------------------------------------------+-----
Axes           | 3 4 5 6 8 10 13 15 17 19 20 21 23 24 25 27 | 27.0
Shields        | 4 5 6 7 |  7.0
Fighting       | 4 5 6 7 9 10 12 13 14 15 16 17 18 20 21 22 24 25 26 27 | 27.0
Invocations    | 4 5 8 11 12 14 15 17 19 21 23 24 26 27 | 27.0
Armour         | 5 7 9 10 12 13 14 15 17 19 20 21 23 24 26 27 | 27.0
Dodging        | 3 8 11 | 11.1
Evocations     | 4 |  4.8

Action                     |  1- 3 |  4- 6 |  7- 9 | 10-12 | 13-15 | 16-18 | 19-21 | 22-24 | 25-27 || total
---------------------------+-------+-------+-------+-------+-------+-------+-------+-------+-------++-------
  Melee: War axe           |    86 |    96 |   140 |   254 |       |       |       |       |       ||   576
         Executioner's axe |       |       |       |   150 |   632 |   877 |  1121 |  1201 |   598 ||  4579
  Throw: Dart              |       |       |       |       |    14 |       |       |       |       ||    14
 Invoke: Light the Black T |       |     1 |     4 |     6 |     9 |     7 |     7 |     6 |     3 ||    43
         Recall Undead Har |       |       |     1 |     1 |    10 |    11 |     4 |     2 |     3 ||    32
         Bind Soul         |       |       |       |     1 |       |     2 |     3 |     1 |     1 ||     8
         Hurl Torchlight   |       |       |       |       |     5 |     6 |     3 |       |     1 ||    15
         Fathomless Shackl |       |       |       |       |     1 |       |       |     4 |       ||     5
  Evoke: Wand              |       |       |     1 |     1 |    12 |     5 |       |     3 |       ||    22
         Phantom mirror    |       |       |       |       |       |     2 |       |     1 |     1 ||     4
    Use: Potion            |       |       |     4 |       |       |     1 |       |     4 |     9 ||    18
         Scroll            |       |       |       |    16 |    10 |     1 |       |     5 |     3 ||    35
   Stab: Distracted        |       |       |     1 |     6 |     9 |    25 |    22 |    22 |    20 ||   105
 Armour: Scale mail        |    58 |    80 |       |       |       |       |       |       |       ||   138
         Chain mail        |       |     4 |   108 |   119 |       |       |       |       |       ||   231
         Quicksilver drago |       |       |       |   173 |   410 |       |       |       |       ||   583
         Plate armour      |       |       |       |       |   103 |   655 |  1045 |  1099 |   653 ||  3555
  Dodge: Dodged            |    60 |    54 |    43 |   320 |   642 |   677 |   468 |   449 |   354 ||  3067
  Block: Buckler           |    22 |    26 |    26 |    43 |       |       |       |       |       ||   117
         Other             |       |       |       |       |       |       |    42 |   177 |    90 ||   309
         Reflection        |       |       |       |       |       |       |       |     4 |     1 ||     5

Table legend: (Time is in decaauts)
 A = Elapsed time spent in this place.
 B = Non-inter-level travel time spent in this place.
 C = Inter-level travel time spent in this place.
 D = Time resting spent in this place.
 E = Time spent auto-exploring this place.
 F = Levels seen in this place.
 G = Mean time per level.
                   A        B        C        D        E       F      G
               +--------+--------+--------+--------+--------+-----+--------+
         Total |  53728 |  48764 |   4964 |   4960 |  33506 |  52 | 1033.2 |
       Dungeon |  14540 |  12764 |   1776 |   1193 |   9092 |  15 |  969.3 |
          Lair |   5265 |   4794 |    471 |    158 |   3716 |   5 | 1053.0 |
        Shoals |   3271 |   3108 |    163 |    250 |   2002 |   4 |  817.8 |
   Spider Nest |   3588 |   3474 |    114 |    149 |   2489 |   4 |  897.0 |
  Orcish Mines |   1436 |   1098 |    338 |     63 |    834 |   2 |  718.0 |
   Elven Halls |   2173 |   2012 |    161 |     37 |   1602 |   2 | 1086.5 |
        Vaults |   7126 |   6175 |    951 |    406 |   4608 |   5 | 1425.2 |
         Crypt |   2773 |   2702 |     71 |    292 |   1775 |   3 |  924.3 |
        Depths |   5908 |   5361 |    547 |    891 |   3277 |   4 | 1477.0 |
          Hell |   1105 |   1039 |     66 |    405 |    415 |   1 | 1105.0 |
       Gehenna |     31 |     31 |      0 |      0 |      0 |   1 |   31.0 |
           Zot |   5355 |   5054 |    301 |    570 |   3331 |   5 | 1071.0 |
        Bailey |   1151 |   1151 |      0 |    545 |    364 |   1 | 1151.0 |
               +--------+--------+--------+--------+--------+-----+--------+

Top non-repeatable levels by time:
Depths:1: 1822 daAuts
Vaults:3: 1792 daAuts
Depths:4: 1705 daAuts
   Zot:5: 1492 daAuts
  Lair:5: 1486 daAuts
    D:11: 1461 daAuts
Vaults:1: 1438 daAuts
    D:13: 1355 daAuts
Vaults:5: 1339 daAuts
Vaults:4: 1337 daAuts
    D:14: 1301 daAuts
   Elf:2: 1252 daAuts
Spider:3: 1247 daAuts
Depths:2: 1226 daAuts
Vaults:2: 1218 daAuts
